 Dungeon Crawl Stone Soup version 0.29-a0-492-g10b964d8d7 (webtiles) character file.

Game seed: 16833485298588023112

40514 KristoblXynda the Grappler (level 13, -10/115 HPs)
             Began as a Pale Draconian Monk on May 27, 2022.
             Was an Initiate of Gozag.
             Mangled by a white very ugly thing (19 damage)
             ... in an ice cave.
             The game lasted 00:26:23 (21069 turns).

KristoblXynda the Grappler (Pale Draconian Monk)   Turns: 21069, Time: 00:26:23

Health: -10/115    AC: 15    Str: 27    XL:     13   Next: 75%
Magic:  13/13      EV: 29    Int: 12    God:    Gozag
Gold:   1569       SH: 13    Dex: 20    Spells: 8/12 levels left

rFire   . . .      SeeInvis .     - Unarmed
rCold   . . .      Faith    .   f - +1 buckler
rNeg    . . .      Spirit   .   (body armour unavailable)
rPois   .          Reflect  +   (helmet restricted)
rElec   .          Harm     .   k - +2 cloak of Ashenzari {Str+7}
rCorr   .          Rampage  .   q - +0 pair of gloves of the Albatross {Dex+5 Stlth+}
Will    .....                   J - +2 pair of boots {Stlth+}
Stlth   ++++......              K - amulet of the Fiend {Reflect Str+4 SH+5}
HPRegen 0.29/turn               m - +4 ring of evasion
MPRegen 0.13/turn               t - +4 ring of evasion

@: short of breath, gold aura, slowed, studying Staves, very slow
A: breathe steam, AC +8, unfitting armour, cold-blooded, steam resistance,
mutation resistance 1
a: Breathe Steam, Renounce Religion, Potion Petition, Call Merchant, Bribe
Branch


You were in an ice cave.
You worshipped Gozag.
Gozag was most pleased with you.
You visited 2 branches of the dungeon, and saw 16 of its levels.
You also visited: Gauntlet and Ice Cave.

You collected 2676 gold pieces.
You spent 208 gold pieces at shops.
You paid 899 gold pieces to Gozag.

Inventory:

Hand Weapons
 a - a +5 whip of flaming
Armour
 f - a +1 buckler (worn)
 k - the +2 cloak of Ashenzari (worn) {Str+7}
   (You acquired it on level 9 of the Dungeon)

   Str:       It affects your strength (+7).
 q - the +0 pair of gloves of the Albatross (worn) {Dex+5 Stlth+}
   (You found it on level 5 of the Dungeon)

   Dex:       It affects your dexterity (+5).
   Stlth:     It makes you more stealthy.
 J - a +2 pair of boots of stealth (worn)
Jewellery
 b - an amulet of reflection
 d - a ring of resist corrosion
 m - a +4 ring of evasion (left hand)
 s - a ring of positive energy
 t - a +4 ring of evasion (right hand)
 C - a +4 ring of protection
 D - a +6 ring of strength
 E - an amulet of regeneration
 F - a ring of flight
 K - the amulet of the Fiend (around neck) {Reflect Str+4 SH+5}
   (You found it in a Gauntlet)

   [amulet of reflection]

   It reflects blocked missile attacks.
   Str:       It affects your strength (+4).
   SH:        It affects your SH (+5).
Wands
 z - a wand of digging (7)
Scrolls
 h - 2 scrolls of fear
 j - 4 scrolls of enchant armour
 n - 5 scrolls of immolation
 o - 3 scrolls of teleportation
 u - 7 scrolls of amnesia
 y - 3 scrolls of blinking
 A - 2 scrolls of silence
Potions
 c - 5 potions of haste
 e - 2 potions of cancellation
 g - 2 potions of flight
 i - a potion of invisibility
 l - 2 potions of lignification
 r - a potion of resistance
 v - 2 potions of brilliance
 w - a potion of curing
 B - 3 potions of mutation
 G - a potion of magic
 H - 2 potions of attraction
Miscellaneous
 x - a lightning rod (1/4)
 L - a box of beasts


   Skills:
 - Level 10.9 Fighting
 + Level 12.5 Dodging
 - Level 1.7 Stealth
 + Level 7.8 Shields
 + Level 13.6 Unarmed Combat
 - Level 10.2 Air Magic
 + Level 1.2 Evocations


You had 8 spell levels left.
You knew the following spells:

 Your Spells              Type           Power      Damage    Failure   Level
a - Summon Lightning Spi  Summ/Air       12%        N/A       45%         4

Your spell library contained the following spells:

 Spells                   Type           Power      Damage    Failure   Level
 Poisonous Vapours        Pois/Air       24%        N/A       8%          2
 Static Discharge         Conj/Air       12%        N/A       8%          2
 Blink                    Tloc           0%         N/A       52%         2
 Ensorcelled Hibernation  Hex/Ice        0%         N/A       52%         2
 Dazzling Flash           Conj/Hex       0%         N/A       77%         3
 Gell's Gravitas          Tloc           0%         N/A       77%         3
 Inner Flame              Hex/Fire       0%         N/A       77%         3
 Lesser Beckoning         Tloc           0%         N/A       77%         3
 Spider Form              Tmut/Pois      0%         N/A       77%         3
 Teleport Other           Tloc           0%         N/A       77%         3
 Anguish                  Hex/Necr       0%         N/A       99%         4
 Cause Fear               Hex            0%         N/A       99%         4
 Dispel Undead            Necr           0%         3d6       99%         4
 Hailstorm                Conj/Ice       0%         3d3       99%         4
 Ice Form                 Ice/Tmut       0%         N/A       99%         4
 Iskenderun's Mystic Bla  Conj/Tloc      0%         2d3       99%         4
 Olgreb's Toxic Radiance  Pois           0%         N/A       99%         4
 Sticky Flame             Conj/Fire      0%         2d3       99%         4
 Blade Hands              Tmut           0%         N/A       100%        5
 Fireball                 Conj/Fire      0%         3d3       100%        5
 Manifold Assault         Tloc           0%         N/A       100%        5
 Dispersal                Tloc           0%         N/A       100%        6
 Iron Shot                Conj/Erth      0%         9d1       100%        6
 Starburst                Conj/Fire      0%         6d3       100%        6
 Ozocubu's Refrigeration  Ice            0%         4d5       100%        7
 Storm Form               Tmut/Air       6%         N/A       100%        7
 Discord                  Hex            0%         N/A       100%        8
 Ignition                 Fire           0%         3d3       100%        8
 Maxwell's Capacitive Co  Air            12%        ∞         100%        8
 Corpse Rot               Necr/Pois/Air  Unusable   N/A       N/A         4
 Animate Armour           Summ/Erth      Unusable   N/A       N/A         4

Dungeon Overview and Level Annotations

Branches:
Dungeon (15/15)            Temple (1/1) D:6            Lair (0/6) D:10
    Orc (0/2) D:11         Vaults (0/5) D:13         Depths (0/4) D:15
  IceCv (1/1)             Gauntlet (visited)

Altars:
Ashenzari
Cheibriados
Dithmenos
Elyvilon
Fedhas
Gozag
Hepliaklqana
Kikubaaqudgha
Makhleb
Nemelex Xobeh
Okawaru
Qazlal
Ru
Sif Muna
Trog
Uskayaw
Vehumet
Wu Jian
Xom
Yredelemnul
Zin
The Shining One
Beogh

Shops:
D:4 !   D:5 [   D:7 *


Innate Abilities, Weirdness & Mutations

You can breathe blasts of scalding, opaque steam.
Your pale cyan-grey scales are hard. (AC +8)
You cannot fit into any form of body armour.
You are cold-blooded and may be slowed by cold attacks.
You are immune to the effects of steam.
You are somewhat resistant to further mutation.


Message History

You block the five-headed hydra simulacrum's attack.
The five-headed hydra simulacrum misses you.
The five-headed hydra simulacrum completely misses you.
You closely miss the white very ugly thing.
The white very ugly thing is heavily wounded.
The white very ugly thing closely misses you.
The alligator simulacrum bites you! The alligator simulacrum freezes you!!
You feel yourself slow down.
The alligator simulacrum closely misses you.
You block the five-headed hydra simulacrum's attack.
The five-headed hydra simulacrum bites you but does no damage.
The five-headed hydra simulacrum closely misses you.
The five-headed hydra simulacrum barely misses you.
The five-headed hydra simulacrum closely misses you.
The ettin simulacrum closely misses you.
The ettin simulacrum completely misses you.
You punch the white very ugly thing!
The white very ugly thing is severely wounded.
The white very ugly thing is engulfed in a cloud of scalding steam.
The white very ugly thing barely misses you.
The alligator simulacrum closely misses you.
The alligator simulacrum barely misses you.
The dire elephant simulacrum is distracted by your dazzling golden aura.
The five-headed hydra simulacrum misses you.
You block the five-headed hydra simulacrum's attack.
The five-headed hydra simulacrum completely misses you.
The five-headed hydra simulacrum misses you.
You block the five-headed hydra simulacrum's attack.
The lindwurm simulacrum is engulfed in a cloud of scalding steam.
The ettin simulacrum hits you! The ettin simulacrum freezes you!!
* * * LOW HITPOINT WARNING * * *
The ettin simulacrum completely misses you.
The alligator simulacrum completely misses you.
The alligator simulacrum misses you.
The white very ugly thing attacks as you move away!
The white very ugly thing bites you!
* * * LOW HITPOINT WARNING * * *
The white very ugly thing freezes you!!
You die...
Your body crumbles into a pile of gold.

####
#...###
.......##
Z.......##
...§.....##
..8.....Z.#
?.§.§§.ZZ.#
[:.§.ZZu@∩#
$
$......ZZ.#
..8.......#
.........##
........##
.......##
#...###
####


You could see a white very ugly thing, 2 alligator simulacra, a five-headed
hydra simulacrum, a dire elephant simulacrum, 2 lindwurm simulacra and an ettin
simulacrum.

Vanquished Creatures
  A quicksilver ooze (Gauntlet)
  A minotaur (Gauntlet)
  The ghost of Mandevil the Warrior, a novice OgMo of Wu Jian (D:9)
  3 hydras
  A boulder beetle (D:11)
  4 centaur warriors
  2 two-headed ogres
  A deep elf knight (D:13)
  5 skeletal warriors
  Lodul (D:13)
  A flayed ghost (D:11)
  2 deep elf zephyrmancers (D:13)
  A necromancer (Gauntlet)
  2 deep elf pyromancers (D:13)
  20 slime creatures
  3 cyclopes
  6 ugly things
  2 manticores (D:11)
  A guardian serpent (D:12)
  A guardian serpent (shapeshifter) (D:14)
  4 centaur skeletons (D:13)
  2 gargoyles
  Maggie (D:7)
  An unseen horror (D:12)
  A komodo dragon (D:10)
  9 trolls
  3 meliai (D:12)
  3 hornets
  8 wraiths
  A shadow (D:9)
  3 vampires
  2 wyverns (D:9)
  16 yaks
  A basilisk (D:12)
  2 fire bats (D:11)
  4 steam dragons
  2 vampire mosquitoes (D:12)
  A water moccasin (D:9)
  An acid dragon (D:12)
  An orc warrior (D:7)
  2 ice beasts
  2 sky beasts (D:7)
  2 black bears
  A boggart (D:13)
  6 wolves (Gauntlet)
  13 ogres
  9 centaurs
  A phantom (D:7)
  5 kobold brigands
  5 bullfrogs
  4 wights (D:7)
  6 killer bees (D:10)
  A lindwurm simulacrum (IceCv)
  5 howler monkeys
  5 orc priests
  3 hounds
  3 jellies
  4 iguanas
  5 orc wizards
  4 gnolls (D:6)
  5 adders
  2 shadow imps
  2 ufetubi
  2 worms (D:2)
  A dart slug (D:5)
  19 orcs
  7 endoplasms
  4 giant cockroaches
  3 goblins
  10 hobgoblins
  4 quokkas
  5 ball pythons
  13 bats
  3 frilled lizards
  16 kobolds
  4 rats
  A spectral goblin (D:5)
312 creatures vanquished.

Vanquished Creatures (collateral kills)
  A skeletal warrior (D:10)
1 creature vanquished.

Vanquished Creatures (others)
  An orc wizard (D:7)
  A kobold (D:13)
  4 plants (D:10)
6 creatures vanquished.

Grand Total: 319 creatures vanquished

Notes
Turn   | Place    | Note
-------+----------+-------------------------------------------
     0 | D:1      | KristoblXynda the Draconian Monk began the quest for the
                  | Orb.
     0 | D:1      | Reached XP level 1. HP: 19/19 MP: 1/1
   339 | D:1      | Found a faded altar of an unknown god.
   357 | D:1      | Reached XP level 2. HP: 14/26 MP: 2/2
  1581 | D:2      | Reached XP level 3. HP: 30/33 MP: 3/3
  2244 | D:3      | Reached XP level 4. HP: 40/40 MP: 4/4
  2527 | D:3      | You fall into a shaft and drop 3 floors!
  2544 | D:6      | Reached skill level 4 in Unarmed Combat
  2544 | D:6      | Reached XP level 5. HP: 41/47 MP: 5/5
  2898 | D:6      | Reached skill level 5 in Fighting
  2898 | D:6      | Reached XP level 6. HP: 43/56 MP: 6/6
  3369 | D:6      | Reached skill level 5 in Unarmed Combat
  3561 | D:6      | Your scales start taking on a pale cyan-grey colour.
  3561 | D:6      | Reached XP level 7. HP: 14/62 MP: 7/7
  3561 | D:6      | Gained mutation: You are immune to the effects of steam.
                  | [Pale Draconian growth]
  4351 | D:6      | Found a staircase to the Ecumenical Temple.
  4378 | Temple   | Entered the Ecumenical Temple
  4807 | D:6      | Noticed a troll
  4828 | D:6      | Killed a troll
  4829 | D:6      | Reached skill level 5 in Dodging
  5066 | D:5      | Entered Level 5 of the Dungeon
  5137 | D:5      | Identified the +0 pair of gloves of the Albatross {Dex+5
                  | Stlth+}
  5178 | D:5      | Reached skill level 6 in Unarmed Combat
  5385 | D:5      | Found a hazy altar of Hepliaklqana.
  5544 | D:5      | Found Demor's Antique Armour Boutique.
  5622 | D:5      | Reached XP level 8. HP: 63/71 MP: 8/8
  6013 | D:4      | Found Puaruomi's Distillery.
  6119 | D:4      | Bought a potion of heal wounds for 65 gold pieces
  6119 | D:4      | Bought a potion of curing for 39 gold pieces
  6119 | D:4      | Bought a potion of mutation for 104 gold pieces
  6119 | D:4      | Gained mutation: You sometimes lose the ability to read
                  | scrolls when taking damage. [potion of mutation]
  6147 | D:4      | Found a hide-covered altar of Uskayaw.
  6192 | D:4      | Found a snail-covered altar of Cheibriados.
  7052 | D:3      | Found a broken altar of Ashenzari.
  7878 | D:7      | Reached skill level 7 in Unarmed Combat
  8300 | D:7      | Noticed Maggie
  8307 | D:7      | Learned a level 4 spell: Summon Lightning Spire
  8325 | D:7      | Killed Maggie
  8326 | D:7      | Reached XP level 9. HP: 48/81 MP: 9/9
  8511 | D:7      | Lost mutation: You sometimes lose the ability to read
                  | scrolls when taking damage. [potion of mutation]
  8511 | D:7      | Gained mutation: You passively dampen the noise of your
                  | surroundings. [potion of mutation]
  8511 | D:7      | Gained mutation: You sometimes lose the ability to read
                  | scrolls when taking damage. [potion of mutation]
  8801 | D:7      | Reached skill level 8 in Unarmed Combat
  9069 | D:7      | Found Utop's General Store.
  9421 | D:8      | Found a radiant altar of Vehumet.
  9500 | D:8      | Found a stormy altar of Qazlal.
  9737 | D:8      | Found a glowing golden altar of the Shining One.
  9982 | D:8      | Found an ornate altar of the Wu Jian Council.
 10200 | D:9      | Noticed a troll
 10203 | D:9      | Reached XP level 10. HP: 91/92 MP: 10/10
 10211 | D:9      | Reached skill level 9 in Unarmed Combat
 10290 | D:9      | Found a sparkling altar of Nemelex Xobeh.
 10346 | D:9      | Found an opulent altar of Gozag.
 10359 | D:9      | Reached skill level 10 in Fighting
 10462 | D:9      | Became a worshipper of Gozag Ym Sagoz the Greedy
 10843 | D:9      | Found a runed translucent door.
 10848 | D:9      | Noticed Mandevil's ghost (novice OgMo)
 10911 | D:9      | Killed Mandevil's ghost
 10912 | D:9      | Reached skill level 10 in Unarmed Combat
 11108 | D:9      | Identified a scroll of acquirement
 11108 | D:9      | Acquired the +2 cloak of Ashenzari {Str+7}
 11376 | D:10     | Entered Level 10 of the Dungeon
 11519 | D:10     | Found a staircase to the Lair.
 11538 | D:10     | Reached skill level 1 in Air Magic
 11552 | D:10     | Noticed a gargoyle
 11565 | D:10     | Killed a gargoyle
 11756 | D:10     | Reached XP level 11. HP: 95/101 MP: 11/11
 12490 | D:11     | Lost mutation: You passively dampen the noise of your
                  | surroundings. [potion of mutation]
 12490 | D:11     | Lost mutation: You sometimes lose the ability to read
                  | scrolls when taking damage. [potion of mutation]
 12490 | D:11     | Gained mutation: You are somewhat resistant to further
                  | mutation. [potion of mutation]
 12652 | D:11     | Noticed a boulder beetle
 12666 | D:11     | Reached skill level 10 in Dodging
 12733 | D:11     | Killed a boulder beetle
 12734 | D:11     | Reached skill level 11 in Unarmed Combat
 12952 | D:11     | Found a staircase to the Orcish Mines.
 13310 | D:11     | Noticed a skeletal warrior
 13312 | D:11     | Noticed a skeletal warrior
 13317 | D:11     | Noticed a skeletal warrior
 13318 | D:11     | Noticed a skeletal warrior
 13318 | D:11     | Noticed a skeletal warrior
 13363 | D:10     | Killed a skeletal warrior
 13364 | D:10     | Reached skill level 5 in Air Magic
 14362 | D:12     | Reached skill level 1 in Shields
 14820 | D:12     | Noticed a six-headed hydra
 14836 | D:12     | Killed a six-headed hydra
 15133 | D:12     | Noticed a five-headed hydra
 15146 | D:12     | Killed a five-headed hydra
 15147 | D:12     | Reached XP level 12. HP: 97/108 MP: 12/12
 15224 | D:11     | Noticed a two-headed ogre
 15228 | D:11     | Killed a two-headed ogre
 15233 | D:11     | Found a bloodstained altar of Trog.
 15263 | D:11     | Found a runed translucent door.
 15287 | D:11     | Found a burning altar of Makhleb.
 15301 | D:11     | Found a sacrificial altar of Ru.
 15310 | D:11     | Found a sacrificial altar of Ru.
 15401 | D:11     | Found a shimmering altar of Xom.
 15436 | D:11     | Found an iron altar of Okawaru.
 16241 | D:11     | Reached skill level 12 in Unarmed Combat
 17063 | D:12     | Noticed a centaur warrior
 17078 | D:12     | Killed a centaur warrior
 17079 | D:12     | Reached skill level 5 in Shields
 17449 | D:13     | Noticed Lodul
 17509 | D:13     | Found a gate leading to a gauntlet.
 17519 | Gauntlet | Entered a Gauntlet
 17519 | Gauntlet | Found a transporter.
 17519 | Gauntlet | Found a transporter.
 17519 | Gauntlet | Found a runed translucent door.
 17519 | Gauntlet | Found a runed translucent door.
 17539 | Gauntlet | Found a transporter.
 17555 | Gauntlet | Found a transporter.
 17563 | Gauntlet | Found a transporter.
 17567 | Gauntlet | Found a transporter.
 17570 | Gauntlet | Noticed a quicksilver ooze
 17575 | Gauntlet | Found a transporter.
 17591 | Gauntlet | Noticed a catoblepas
 17592 | Gauntlet | Found a transporter.
 17606 | Gauntlet | Found a transporter.
 17610 | Gauntlet | Found a transporter.
 17624 | Gauntlet | Found a transporter.
 17625 | Gauntlet | Found a transporter.
 18068 | Gauntlet | Killed a quicksilver ooze
 18075 | Gauntlet | Identified the amulet of the Fiend {Reflect Str+4 SH+5}
 18096 | Gauntlet | Noticed a minotaur
 18108 | Gauntlet | Killed a minotaur
 18333 | D:13     | Reached XP level 13. HP: 115/115 MP: 13/13
 18376 | D:13     | Killed Lodul
 19012 | D:13     | Reached skill level 13 in Unarmed Combat
 19108 | D:13     | Found a gate to the Vaults.
 19868 | D:13     | Got the Disquisition on Snow and Toxins
 20271 | D:13     | Reached skill level 10 in Air Magic
 20711 | D:14     | Reached skill level 1 in Evocations
 21030 | D:15     | Entered Level 15 of the Dungeon
 21048 | D:15     | Found a frozen archway.
 21057 | IceCv    | Entered an ice cave
 21057 | IceCv    | Noticed a white very ugly thing
 21069 | IceCv    | Mangled by a white very ugly thing

Illustrated notes

Levels and vault maps discovered:
D:1:      ebering_hopf_link, layout_basic, shapermc_ecumenical_altar_pompeii
D:2:      layout_basic
D:3:      layout_basic, ashenzari_altar_1, grunt_decor_one_mirror,
          minmay_increasing_density
D:4:      layout_layer_cave, cheibriados_altar_1, mainiacjoe_overflow_paths,
          nicolae_stop_n_shop_1, minmay_box_of_dots
D:5:      layout_cave_pools, nicolae_hepliaklqana_monster_ancestors,
          serial_shops, shop_fountains
D:6:      layout_layer_cave, minmay_temple_entry_junction, st_stairs_8
D:7:      layout_basic, serial_shops, kennysheep_mini_moat, st_stairs_4,
          wad_rectangle_vault, uniq_maggie
D:8:      layout_loops_ring, mainiacjoe_overflow_cross_hatched,
          mainiacjoe_overflow_six_doors_small, nzn_wu_jian_council_hall,
          mainiacjoe_overflow_boulevard
D:9:      layout_rooms, mainiacjoe_overflow_tiny_flanked,
          mainiacjoe_overflow_surrounded_room, ebering_ghost_inner_flame,
          chequers_serial_rivers_large_a, st_stairs_8
D:10:     layout_basic, david_lair_shrubbed, serial_rivers,
          chequers_serial_rivers_micro_c, chequers_serial_rivers_room_a,
          chequers_serial_rivers_small_3, chequers_serial_rivers_small_b,
          chequers_serial_rivers_small_a, chequers_serial_rivers_micro_d
D:11:     due_megacathedral, layout_cave_pods, minmay_orc_entry_temple_small
D:12:     layout_gridville, fake_guardian_serpent_vault
D:13:     layout_loops_ring, hangedman_vaults_entry_quadrant_bands,
          gauntlet_entry_generic, uniq_lodul
D:14:     layout_gridville, minmay_misc_feat_plants
D:15:     grunt_enter_depths_giant_problem, layout_basic, enter_trove_1,
          portal_ice_cave_entry_pillars_2, hangedman_abyss_or_decor_lesser_grid,
          serial_shops, nicolae_inconvenience_store, grunt_potential
Temple:   minmay_temple_forest_path
IceCv:    ice_cave_statue_garden_transporter

Skill      XL: |  1  2  3  4  5  6  7  8  9 10 11 12 13 |
---------------+----------------------------------------+-----
Dodging        | 3 4 5 6 8 9 10 11 12 | 12.5
Fighting       | 4 5 6 8 9 10 | 10.9
Unarmed Combat | 4 5 6 7 8 10 11 12 13 | 13.6
Air Magic      | 2 6 8 10 | 10.2
Shields        | 2 6 7 |  7.8
Evocations     | 1 |  1.2
Stealth        | |  1.7

Action                   |  1- 3 |  4- 6 |  7- 9 | 10-12 | 13-15 || total
-------------------------+-------+-------+-------+-------+-------++-------
Melee: Unarmed           |   114 |    97 |   355 |   658 |   226 ||  1450
       Tailslap          |    14 |    24 |    65 |   137 |    48 ||   288
       Punch             |       |     3 |    27 |    39 |       ||    69
Invok: Potion Petition   |       |       |       |     1 |     1 ||     2
 Abil: Breathe Steam     |       |       |    13 |    45 |    12 ||    70
Evoke: Wand              |       |       |     2 |    13 |     1 ||    16
       Lightning rod     |       |       |       |       |     3 ||     3
  Use: Scroll            |     2 |     3 |    14 |    14 |     3 ||    36
       Potion            |     1 |     1 |     2 |     3 |     1 ||     8
 Stab: Sleeping          |     4 |       |    12 |     3 |     2 ||    21
       Distracted        |       |       |     1 |     7 |     3 ||    11
       Invisible         |       |       |       |       |     2 ||     2
Armor: Skin              |    21 |    28 |    59 |   120 |    39 ||   267
Dodge: Dodged            |    62 |    79 |   289 |   582 |   122 ||  1134
Block: Other             |       |       |    57 |    86 |       ||   143
       Buckler           |       |       |       |   151 |   103 ||   254
       Reflection        |       |       |       |    13 |     9 ||    22

Table legend: (Time is in decaauts)
 A = Elapsed time spent in this place.
 B = Non-inter-level travel time spent in this place.
 C = Inter-level travel time spent in this place.
 D = Time resting spent in this place.
 E = Time spent auto-exploring this place.
 F = Levels seen in this place.
 G = Mean time per level.
                   A        B        C        D        E       F      G
               +--------+--------+--------+--------+--------+-----+--------+
         Total |  20875 |  20442 |    433 |   7354 |   9575 |  18 | 1159.7 |
       Dungeon |  19701 |  19272 |    429 |   6917 |   9147 |  15 | 1313.4 |
        Temple |    382 |    378 |      4 |      0 |    366 |   1 |  382.0 |
      Ice Cave |     11 |     11 |      0 |      0 |      0 |   1 |   11.0 |
      Gauntlet |    779 |    779 |      0 |    437 |     62 |   1 |  779.0 |
               +--------+--------+--------+--------+--------+-----+--------+

Top non-repeatable levels by time:
    D:12: 2449 daAuts
     D:6: 2165 daAuts
    D:13: 2126 daAuts
    D:11: 2027 daAuts
    D:10: 1479 daAuts
     D:7: 1344 daAuts
     D:9: 1333 daAuts
     D:1: 1240 daAuts
     D:4: 1153 daAuts
     D:3: 1097 daAuts
     D:2: 932 daAuts
     D:5: 835 daAuts
     D:8: 817 daAuts
Gauntlet: 779 daAuts
    D:14: 671 daAuts
